[Event "*** Titled Tuesday Blitz"]
[Site "Chess.com"]
[Date "2020.11.03"]
[Round "5"]
[White "saraswathii"]
[Black "doons21"]
[Result "0-1"]
[WhiteElo "2382"]
[BlackElo "2595"]
[TimeControl "180+1"]
[EndTime "10:56:10 PST"]
[Termination "doons21 won by resignation"]

1. e4 e6 2. d3 d5 3. Nd2 Nf6 4.
Ngf3 Be7 5. g3 c5 6. Bg2 Nc6 7. O-O Qc7 8. Qe2 b6 9. e5 Nd7 10. Re1 g5 11. h3 h5 12. g4 hxg4 13. hxg4 Bb7 14. c3 O-O-O 15. Nb3 Rdg8 16. d4 c4 17. Nbd2 Nf8 18. b3 Ng6 19. bxc4 Nf4 20. Qf1 Nxg2 21. Kxg2 Na5 22. cxd5 Bxd5 23. Ne4 Qc6 24. Qd3 Rh6 25. Rh1 Rxh1 26. Kxh1 Rh8+ 27. Kg2 Bxe4 0-1

[Event "*** Titled Tuesday Blitz"]
[Site "Chess.com"]
[Date "2020.11.03"]
[Round "5"]
[White "KetiGrant"]
[Black "GalperinPlaton"]
[Result "0-1"]
[WhiteElo "2295"]
[BlackElo "2861"]
[TimeControl "180+1"]
[EndTime "10:56:10 PST"]
[Termination "GalperinPlaton won on time"]

1. e4 b6 2. d4 Bb7 3. Bd3 Nc6 4. Nf3 Nb4 5. O-O Nxd3 6. Qxd3 Nf6 7. Nbd2 e6 8. e5 Nd5 9. Ne4 f5 10. Ng3 Ne7 11. c4 Ng6 12. Bg5 Be7 13. Bxe7 Qxe7 14.
Nh5 O-O 15. Rfe1 f4 16. d5 Rf5 17. g4 fxg3 18. Nxg3 Rf7 19. Re3 Raf8 20. Rd1 Nf4 21. Qe4 Nh3+ 22. Kg2 Ng5 23. Nxg5 Rxf2+ 24. Kg1 Qxg5 25.
Re2 R2f3 26. Rg2 Re3 0-1

[Event "*** Titled Tuesday Blitz"]
[Site "Chess.com"]
[Date "2020.11.03"]
[Round "5"]
[White "goldenpuppy"]
[Black "DonPreuss"]
[Result "1-0"]
[WhiteElo "2358"]
[BlackElo "2226"]
[TimeControl "180+1"]
[EndTime "10:56:12 PST"]
[Termination "goldenpuppy won by resignation"]

1. e4 e5 2. Nf3 d5 3. Nxe5 Bd6 4. d4 dxe4 5. Nc4 Ne7 6. Nc3 f5 7. Be2 O-O 8. Bg5 Nbc6 9. Qd2 h6 10. Bf4 Bxf4 11.
Qxf4 Qxd4 12. Rd1 Qf6 13. O-O Be6 14. Qxc7 g5 15. Qxb7 Nd4 16. Rxd4 Qxd4 17. Qxe7 Bxc4 18. Rd1 Qxd1+ 19. Bxd1 Rad8 20. Qc5 Be6 21. Be2 Rc8 22. Qxa7 Rfd8 23. h3 Rd2 24. Qe7 Bf7 25. Bb5 Rxc2 26. Bd7 Rc7 27. Qd8+ 1-0

[Event "*** Titled Tuesday Blitz"]
[Site "Chess.com"]
[Date "2020.11.03"]
[Round "5"]
[White "MarkoPe"]
[Black "Eliwood44"]
[Result "0-1"]
[WhiteElo "2229"]
[BlackElo "2447"]
[TimeControl "180+1"]
[EndTime "10:56:15 PST"]
[Termination "Eliwood44 won by resignation"]

1. e4 e5 2. Nf3 Nc6 3. Bb5 a6 4.
Ba4 d6 5. O-O Bd7 6. c3 g6 7. d4 Bg7 8. Be3 Nf6 9. dxe5 Nxe5 10.
Nxe5 dxe5 11. Nd2 O-O 12. f3 Qe7 13. Bxd7 Nxd7 14. Qc2 Rfd8 15. Rfd1 c5 16. a4 b5 17. Qb3 c4 18. Qa3 Qe8 19. Qd6 Bf8 20. Qc6 Rdc8 21. Qd5 Nf6 0-1

[Event "*** Titled Tuesday Blitz"]
[Site "Chess.com"]
[Date "2020.11.03"]
[Round "5"]
[White "dropstoneDP"]
[Black "MomchilPetkov"]
[Result "1-0"]
[WhiteElo "2900"]
[BlackElo "2650"]
[TimeControl "180+1"]
[EndTime "10:56:16 PST"]
[Termination "dropstoneDP won by resignation"]

1. d4 g6 2. e4 Bg7 3. Nf3 c6 4. Bf4 d5 5. exd5 cxd5 6. c3 Nc6 7. Be2 Bg4 8. Nbd2 Nf6 9. O-O O-O 10. Re1 a6 11. h3 Bxf3 12. Bxf3 Rc8 13. Nb3 e6 14. Nc5 Qb6 15. Qb3 Qxb3 16. axb3 Nd8 17. g4 Re8 18. Kg2 Bf8 19. b4 Bxc5 20. bxc5 Nc6 21. Ra3 Nd7 22. Bd6 Na7 23. Be2 e5 24. Bf1 exd4 25. Rxe8+ Rxe8 26. cxd4 Re4 27. Rb3 Nb5 28. Bxb5 axb5 29. Rxb5 Rxd4 30. Rxb7 Nxc5 31. Rb8+ 1-0

[Event "*** Titled Tuesday Blitz"]
[Site "Chess.com"]
[Date "2020.11.03"]
[Round "5"]
[White "Orest_Vovk"]
[Black "LaPorfia"]
[Result "0-1"]
[WhiteElo "2437"]
[BlackElo "2298"]
[TimeControl "180+1"]
[EndTime "10:56:20 PST"]
[Termination "LaPorfia won by resignation"]

1. h4 d5 2. h5 h6 3. e4 dxe4 4. Nc3 Nf6 5. Rh4 Bf5 6. Nge2 e6 7. Ng3 Bh7 8. d3 exd3 9. Bxd3 Bxd3 10. cxd3 Be7 11.
Be3 Nc6 12. d4 Nd5 13. Rg4 Nf6 14. Rf4 Nb4 15. Nge4 Nbd5 16. Nxf6+ Bxf6 17. Nxd5 Qxd5 18. Qf3 Qxf3 19. Rxf3 O-O-O 20. O-O-O Rd7 21. Rg3 Rhd8 22. Rd2 b6 23. b4 Kb7 24. Kc2 Rd5 25. Rh3 Bg5 26.
Bxg5 Rxg5 27. g3 Rdd5 28. Rd3 Rxh5 29. Rxh5 Rxh5 30. Rf3 Rf5 31. Rxf5 exf5 32. d5 Kc8 33. Kd3 Kd7 34. Kd4 Kd6 35. b5 g5 36. f4 gxf4 37.
gxf4 h5 0-1

[Event "*** Titled Tuesday Blitz"]
[Site "Chess.com"]
[Date "2020.11.03"]
[Round "5"]
[White "Chuchofrio1"]
[Black "lelya96"]
[Result "0-1"]
[WhiteElo "2338"]
[BlackElo "2216"]
[TimeControl "180+1"]
[EndTime "10:56:20 PST"]
[Termination "lelya96 won by resignation"]

1. e4 e5 2. Nf3 Nc6 3. Bb5 a6 4. Ba4 Nf6 5. O-O b5 6. Bb3 Bc5 7. Nc3 d6 8. d3 O-O 9. Bg5 h6 10.
Bh4 Nd4 11. Nxd4 Bxd4 12. Nd5 g5 13. Qf3 Kg7 14. Bg3 c6 15. Nxf6 Qxf6 16. Qxf6+ Kxf6 17. h4 Bxb2 18. hxg5+ hxg5 19. Rab1 Bd4 20. a4 b4 21. a5 Rh8 22. Ba4 c5 23. Bc6 Rb8 24.
Rfc1 Be6 25. Kf1 Ba2 26. c3 Bxb1 27. cxd4 Bxd3+ 28. Ke1 Rh1+ 29. Kd2 Rxc1 30. Kxc1 cxd4 31. Kd2 Bc4 0-1

[Event "*** Titled Tuesday Blitz"]
[Site "Chess.com"]
[Date "2020.11.03"]
[Round "5"]
[White "woodhy"]
[Black "Nachsueb"]
[Result "1-0"]
[WhiteElo "2470"]
[BlackElo "2090"]
[TimeControl "180+1"]
[EndTime "10:56:21 PST"]
[Termination "woodhy won by resignation"]

1. e4 e6 2. d4 d5 3. e5 c5 4.
c3 Nc6 5. Be3 Qb6 6. Qd2 cxd4 7.
cxd4 Bb4 8. Nc3 Nge7 9. Nf3 Nf5 10.
Be2 Bd7 11. O-O Nxe3 12. fxe3 O-O 13. Bd3 f5 14. exf6 Rxf6 15. Ng5 Rxf1+ 16. Rxf1 h6 17.
Qf2 Qd8 18. Qf7+ Kh8 19. Qg6 1-0

[Event "*** Titled Tuesday Blitz"]
[Site "Chess.com"]
[Date "2020.11.03"]
[Round "5"]
[White "JiiHart"]
[Black "Sergienko_Sergey"]
[Result "0-1"]
[WhiteElo "2083"]
[BlackElo "2319"]
[TimeControl "180+1"]
[EndTime "10:56:22 PST"]
[Termination "Sergienko_Sergey won by resignation"]

1. e4 c5 2. Nf3 a6 3. d4 cxd4 4. Nxd4 Nf6 5. Nc3 e5 6. Nf3 d6 7.
Bg5 Be7 8. Bxf6 Bxf6 9. Nd5 O-O 10. Nxf6+ Qxf6 11. Be2 Nd7 12. b4 Rd8 13. O-O Nf8 14. a3 Bg4 15. Qd5 Qe7 16. Rfe1 Rac8 17. c4 Ne6 18. Rac1 Nf4 19. Bd1 Nxd5 0-1

[Event "*** Titled Tuesday Blitz"]
[Site "Chess.com"]
[Date "2020.11.03"]
[Round "5"]
[White "grunbergmihai"]
[Black "tylityli"]
[Result "1-0"]
[WhiteElo "2478"]
[BlackElo "2277"]
[TimeControl "180+1"]
[EndTime "10:56:23 PST"]
[Termination "grunbergmihai won by resignation"]

1. Nf3 Nf6 2. c4 c5 3. d4 cxd4 4. Nxd4 e5 5. Nb5 d5 6. cxd5 Qa5+ 7. N5c3 Bc5 8. e3 O-O 9. Be2 Rd8 10. O-O a6 11. e4 h6 12. Nd2 Ba7 13. Nc4 Qc5 14. Be3 Qe7 15. Bxa7 Rxa7 16. a4 Nbd7 17. Qc2 Qb4 18.
a5 b5 19. Ne3 Rc7 20. Rfd1 Nc5 21. d6 Rc6 22. Ncd5 Nxd5 23. Nxd5 Qxe4 24. Qxe4 Nxe4 25.
Ne7+ 1-0

[Event "*** Titled Tuesday Blitz"]
[Site "Chess.com"]
[Date "2020.11.03"]
[Round "5"]
[White "Hikaru"]
[Black "SanchezKelvin"]
[Result "1-0"]
[WhiteElo "3217"]
[BlackElo "2423"]
[TimeControl "180+1"]
[EndTime "10:56:24 PST"]
[Termination "Hikaru won by resignation"]

1. Nf3 g6 2. e4 Bg7 3. d4 c5 4. dxc5 Qa5+ 5. c3 Qxc5 6. Na3 Qc7 7. Nb5 Qd8 8. Bf4 Na6 9. Bc4 Nh6 10. h3 d6 11. Qd2 Ng8 12. e5 Bd7 13. exd6 Nf6 14. Nc7+ Nxc7 15. dxc7 Qc8 16. Ne5 O-O 17. Nxd7 Nxd7 18.
O-O-O Ne5 19. Bb3 Qxc7 20. Kb1 Qa5 21. Qe2 Nc6 22. Rd5 Qb6 23. Rd7 e5 24. Be3 Qa5 25. Rhd1 Rad8 26. Rxb7 Rxd1+ 27. Qxd1 Nd8 28. Rd7 Kh8 29.
Rxa7 Qb5 30. Ra8 Ne6 31. Rxf8+ Nxf8 32. Bxf7 Qb7 33. Bd5 Qd7 34. Qd3 Qa4 35. b3 Qa3 36. Bc4 h5 37. Qd5 1-0

[Event "*** Titled Tuesday Blitz"]
[Site "Chess.com"]
[Date "2020.11.03"]
[Round "5"]
[White "1stSecond"]
[Black "Indianlad"]
[Result "0-1"]
[WhiteElo "2767"]
[BlackElo "2952"]
[TimeControl "180+1"]
[EndTime "10:56:31 PST"]
[Termination "Indianlad won by resignation"]

1. Nf3 Nf6 2. c4 g6 3. Nc3 Bg7 4. e4 O-O 5. d4 d6 6. h3 Nbd7 7. Be3 c5 8. g4 a6 9. Qd2 b5 10.
cxb5 Bb7 11. d5 axb5 12. Bxb5 e6 13. g5 Nxe4 14. Nxe4 Bxd5 15. Bd3 c4 16. Bc2 f5 17. gxf6 Nxf6 18. Bg5 Bxe4 19. Bxe4 Nxe4 20. Bxd8 Nxd2 21. Nxd2 Rfxd8 22. Nxc4 d5 23. Ne3 Bxb2 24. Rb1 Rxa2 25. O-O Bd4 26. Rfe1 Rf8 27. Rbd1 Ba7 28. Ra1 Rfxf2 29.
Rxa2 Rxa2 30. Kf1 Bxe3 31. Rxe3 Kf7 32. Rb3 Kf6 33. Rb7 h5 34. Rb8 e5 0-1

[Event "*** Titled Tuesday Blitz"]
[Site "Chess.com"]
[Date "2020.11.03"]
[Round "5"]
[White "UB_TheQueen"]
[Black "HrvojeZagreb"]
[Result "0-1"]
[WhiteElo "2068"]
[BlackElo "2230"]
[TimeControl "180+1"]
[EndTime "10:56:33 PST"]
[Termination "HrvojeZagreb won by checkmate"]

1. e4 c5 2. Nf3 Nc6 3. d4 cxd4 4. Nxd4 g6 5. Nc3 Bg7 6. Be3 Nf6 7. Bc4 O-O 8. Bb3 a5 9. O-O a4 10. Nxa4 Nxe4 11. Nb5 d6 12. Nb6 Ra5 13. a4 Be6 14.
Bxe6 fxe6 15. Qg4 Nc5 16. Bxc5 dxc5 17. Qxe6+ Kh8 18. c3 Qxb6 19. Rad1 Rxa4 20. Na3 Qxb2 21. Nc4 Qa2 22. h4 Qxc4 23. Qd7 Qxh4 24. Qxb7 Ne5 25. Rfe1 Qxf2+ 26. Kh2 Rh4# 0-1

[Event "*** Titled Tuesday Blitz"]
[Site "Chess.com"]
[Date "2020.11.03"]
[Round "5"]
[White "Smirnov_Pavel"]
[Black "Shoytan"]
[Result "1-0"]
[WhiteElo "2843"]
[BlackElo "2601"]
[TimeControl "180+1"]
[EndTime "10:56:34 PST"]
[Termination "Smirnov_Pavel won by resignation"]

1. d4 Nf6 2. c4 g6 3. Nf3 Bg7 4. g3 O-O 5. Bg2 d6 6. O-O Nc6 7. Nc3 Bg4 8. d5 Na5 9. Nd2 c5 10. h3 Bd7 11. e4 a6 12. Rb1 b5 13. b3 Rb8 14. Qc2 e6 15. dxe6 Bxe6 16. cxb5 axb5 17.
Bb2 Re8 18. Rbd1 d5 19. Nxd5 Nxd5 20. Bxg7 Kxg7 21. exd5 Bf5 22. Qxc5 Qf6 23. Rfe1 h5 24. Rxe8 Rxe8 25. Qxb5 Ra8 26. d6 Ra7 27. Ne4 Bxe4 28. Bxe4 1-0

[Event "*** Titled Tuesday Blitz"]
[Site "Chess.com"]
[Date "2020.11.03"]
[Round "5"]
[White "GOGIEFF"]
[Black "Legendinunknown"]
[Result "0-1"]
[WhiteElo "2885"]
[BlackElo "2677"]
[TimeControl "180+1"]
[EndTime "10:56:39 PST"]
[Termination "Legendinunknown won by resignation"]

1. d4 Nf6 2. c4 g6 3. Nc3 Bg7 4. e4 d6 5. Be2 O-O 6. Bg5 c6 7. Qd2 a6 8. Nf3 b5 9. a3 bxc4 10. Bxc4 Bb7 11. Bd3 Nbd7 12. O-O c5 13. d5 Ng4 14.
Be2 Nge5 15. Nxe5 Bxe5 16. Bh6 Re8 17. f4 Bd4+ 18. Kh1 Nf6 19. Bf3 e6 20. dxe6 Rxe6 21.
Rae1 Qe8 22. f5 Re5 23. Qg5 Nxe4 24. Bxe4 Bxe4 25. Qf6 Bxg2+ 0-1

[Event "*** Titled Tuesday Blitz"]
[Site "Chess.com"]
[Date "2020.11.03"]
[Round "5"]
[White "lucasmito"]
[Black "anasta10"]
[Result "0-1"]
[WhiteElo "2542"]
[BlackElo "2401"]
[TimeControl "180+1"]
[EndTime "10:56:43 PST"]
[Termination "anasta10 won by resignation"]

1. e4 e6 2. d4 d5 3. Nc3 Bb4 4. e5 c5 5. a3 Bxc3+ 6. bxc3 Qa5 7.
Bd2 Qa4 8. c4 dxc4 9. dxc5 Nd7 10. Nf3 Nxc5 11. Bb4 Nd7 12. Bxc4 a5 13. Bb3 Qc6 14.
Bd6 Nh6 15. O-O Nf5 16. c4 Nxd6 17. exd6 O-O 18. Re1 Rd8 19. Bc2 Nf8 20. Ne5 Qxd6 21. Qh5 g6 22. Qh4 Qd4 23. Rad1 0-1

[Event "*** Titled Tuesday Blitz"]
[Site "Chess.com"]
[Date "2020.11.03"]
[Round "5"]
[White "Korchmar_Vasiliy"]
[Black "GigaQuparadze"]
[Result "0-1"]
[WhiteElo "2620"]
[BlackElo "2864"]
[TimeControl "180+1"]
[EndTime "10:56:46 PST"]
[Termination "GigaQuparadze won by resignation"]

1. d4 Nf6 2. c4 e6 3. g3 d5 4. Bg2 Bb4+ 5. Nd2 O-O 6. Nf3 dxc4 7. Qc2 c5 8. dxc5 c3 9. bxc3 Bxc5 10. O-O Be7 11. Ne5 Nbd7 12. Ndc4 Nxe5 13. Nxe5 Qc7 14. Nd3 Bd7 15. Bf4 Qc8 16. Ne5 Bb5 17. Rab1 Ba6 18. Rfd1 Nd5 19. Rxd5 exd5 20. Bxd5 Bf6 21. c4 Bxe5 22.
Bxe5 Qg4 23. Rb3 Rac8 24. Rc3 b6 25. Kg2 Rfe8 26. f4 Qd7 27. Qe4 Kh8 28. Qd4 f6 29. Bxf6 gxf6 30. Qxf6+ Qg7 0-1

[Event "*** Titled Tuesday Blitz"]
[Site "Chess.com"]
[Date "2020.11.03"]
[Round "5"]
[White "hungrycaterpillar4"]
[Black "anpospan"]
[Result "1-0"]
[WhiteElo "2570"]
[BlackElo "2393"]
[TimeControl "180+1"]
[EndTime "10:56:46 PST"]
[Termination "hungrycaterpillar4 won by resignation"]

1. e4 Nc6 2. Nf3 d6 3. d4 Nf6 4. Nc3 Bg4 5. d5 Nb8 6. Be2 g6 7. O-O Bg7 8. Be3 O-O 9. a4 c5 10. Nd2 Bxe2 11. Qxe2 Nbd7 12. f4 a6 13. a5 Ne8 14.
Nc4 Nc7 15. Na4 Nb5 16. c3 Qc7 17. Nab6 Nxb6 18. axb6 Qd7 19. f5 Kh8 20. Rf3 f6 21. Raf1 Kg8 22. h4 Kf7 23. Rg3 Rg8 24. fxg6+ hxg6 25. h5 Bh8 26. e5 Ke8 27. e6 1-0

[Event "*** Titled Tuesday Blitz"]
[Site "Chess.com"]
[Date "2020.11.03"]
[Round "5"]
[White "DenLaz"]
[Black "ZEN-22"]
[Result "1-0"]
[WhiteElo "2725"]
[BlackElo "2457"]
[TimeControl "180+1"]
[EndTime "10:56:48 PST"]
[Termination "DenLaz won by resignation"]

1. d4 c5 2. d5 e6 3. Nc3 b5 4. Nxb5 Qa5+ 5. Nc3 exd5 6. Qxd5 Nc6 7. Bd2 Nf6 8. Qf3 Nd4 9. Qxa8 Qd8 10. O-O-O Be7 11.
e3 Nc6 12. Bb5 O-O 13. Bxc6 dxc6 14. Qxc6 Bf5 15. Nf3 Qb8 16. e4 Rc8 17. Qa4 Bg6 18.
e5 Ne8 19. Rhe1 Qb7 20. Qb3 Qc6 21. e6 c4 22. Qb5 fxe6 23. Qxc6 Rxc6 24. Bg5 Bb4 25. Rd8 h6 26. Ne5 Bxc3 27. bxc3 Ra6 28. Nxg6 Kf7 29. Ne5+ Kf8 30. Bh4 Rxa2 31. Red1 g5 32. Bg3 Ra1+ 33. Kb2 Ra6 34. R1d7 Rb6+ 35. Kc1 Rb7 36. Rxb7 1-0

[Event "*** Titled Tuesday Blitz"]
[Site "Chess.com"]
[Date "2020.11.03"]
[Round "5"]
[White "Region_07"]
[Black "Shubinkirill2003"]
[Result "0-1"]
[WhiteElo "2454"]
[BlackElo "2684"]
[TimeControl "180+1"]
[EndTime "10:56:54 PST"]
[Termination "Shubinkirill2003 won by resignation"]

1. d4 e6 2. Nf3 Nf6 3. Bg5 h6 4. Bh4 g5 5. Bg3 b6 6. e3 Bb7 7.
c4 d6 8. Nc3 Nbd7 9. Qc2 Rg8 10. O-O-O h5 11. h4 g4 12. Ng5 Qe7 13. Rg1 O-O-O 14.
Bd3 Bh6 15. Nge4 Nxe4 16. Bxe4 f5 17. Bxb7+ Kxb7 18. Kb1 Rgf8 19. Rge1 a6 20. a3 e5 21. Nd5 Qe6 22. dxe5 dxe5 23. f3 gxf3 24. gxf3 Rg8 25. Rg1 c6 26. Nb4 Bxe3 27. Rge1 f4 28. Qa4 a5 29.
Nc2 Nc5 0-1

[Event "*** Titled Tuesday Blitz"]
[Site "Chess.com"]
[Date "2020.11.03"]
[Round "5"]
[White "ArjunErigaisi2003"]
[Black "RD4ever"]
[Result "1-0"]
[WhiteElo "2998"]
[BlackElo "2855"]
[TimeControl "180+1"]
[EndTime "10:56:55 PST"]
[Termination "ArjunErigaisi2003 won by resignation"]

1. d4 d5 2. c4 e6 3. Nf3 Nf6 4. g3 dxc4 5. Bg2 Bd7 6. Ne5 Bc6 7. Nxc6 Nxc6 8. O-O Qd7 9. e3 Rd8 10. Qe2 e5 11.
dxe5 Nxe5 12. Bxb7 c6 13. Ba6 h5 14. Nd2 h4 15. Nxc4 h3 16. Nxe5 Qd5 17. Nf3 Ne4 18. Bc4 Qh5 19. Nd4 Qe5 20. Nxc6 1-0

[Event "*** Titled Tuesday Blitz"]
[Site "Chess.com"]
[Date "2020.11.03"]
[Round "5"]
[White "Kaslask"]
[Black "vugarrasulov"]
[Result "0-1"]
[WhiteElo "2302"]
[BlackElo "2848"]
[TimeControl "180+1"]
[EndTime "10:56:59 PST"]
[Termination "vugarrasulov won on time"]

1. d4 b6 2. e4 Bb7 3. Nc3 e6 4. Nf3 Bb4 5. Bd3 Nf6 6. Qe2 d5 7. e5 Nfd7 8. a3 Bxc3+ 9. bxc3 c5 10. c4 cxd4 11. O-O dxc4 12. Bxc4 Nc6 13. Bf4 h6 14. Rfd1 O-O 15. Nxd4 Nxd4 16. Rxd4 Qe7 17. Rad1 Nc5 18. Qg4 Kh7 19. Bd3+ Nxd3 20. R1xd3 Rad8 21. Bd2 Rxd4 22. Qxd4 Rc8 23. Bb4 Qg5 24. g3 Rxc2 25. Rd1 Qf5 26. Qf4 Qxf4 27. gxf4 Bf3 28. Re1 Kg6 29. h3 a5 30. Bd6 b5 31. Kh2 Rxf2+ 32. Kg3 Re2 33.
Rxe2 Bxe2 34. Bc7 b4 35. Bxa5 bxa3 36. Kf2 a2 37. Bc3 Bc4 38. Ke3 Kf5 39. Bd4 g5 40. fxg5 hxg5 41. Bc3 Bf1 0-1

[Event "*** Titled Tuesday Blitz"]
[Site "Chess.com"]
[Date "2020.11.03"]
[Round "5"]
[White "Chessdreamer2020"]
[Black "Flawless_Fighter"]
[Result "1-0"]
[WhiteElo "2507"]
[BlackElo "2653"]
[TimeControl "180+1"]
[EndTime "10:57:00 PST"]
[Termination "Chessdreamer2020 won by resignation"]

1. e4 c6 2. Nc3 d5 3. Nf3 Bg4 4. h3 Bxf3 5. Qxf3 e6 6. d3 Nf6 7.
g3 Be7 8. Bg2 O-O 9. O-O d4 10.
Nb1 c5 11. Nd2 Nc6 12. Qe2 e5 13. f4 Ne8 14. Nc4 Qc7 15. a4 f6 16. h4 Nd6 17.
Bh3 Nxc4 18. Be6+ Kh8 19. Bxc4 f5 20. exf5 Rxf5 21. Be6 Rf6 22. f5 e4 23. Bf4 exd3 24. cxd3 Bd6 25. Bg5 Rff8 26. f6 Rae8 27. fxg7+ Qxg7 28. Rxf8+ Rxf8 29. Rf1 Bxg3 30. Rxf8+ Qxf8 31.
Kg2 Bd6 32. Qg4 Ne5 33. Bf6+ 1-0

[Event "*** Titled Tuesday Blitz"]
[Site "Chess.com"]
[Date "2020.11.03"]
[Round "5"]
[White "ClydeHillKid"]
[Black "winniethepooh04"]
[Result "1-0"]
[WhiteElo "2357"]
[BlackElo "2226"]
[TimeControl "180+1"]
[EndTime "10:57:03 PST"]
[Termination "ClydeHillKid won by resignation"]

1. e4 e6 2. d3 d5 3. Nd2 Nf6 4.
Ngf3 Be7 5. g3 b6 6. Bg2 Bb7 7. e5 Nfd7 8. O-O c5 9. Re1 Nc6 10.
Nf1 Qc7 11. Qe2 h6 12. h4 O-O-O 13. N1h2 Rdg8 14. Ng4 g5 15. h5 Re8 16. c3 Bd8 17. Bd2 f5 18. exf6 Bxf6 19. Rac1 Bg7 20. b4 Rhf8 21.
bxc5 bxc5 22. c4 dxc4 23. Rxc4 Nb6 24. Rxc5 Nd7 25. Rc2 Kb8 26. Rec1 Qd6 27. Bc3 Bxc3 28. Rxc3 Nf6 29. Nxf6 Rxf6 30. Qb2 Ka8 31. Rxc6 Bxc6 32. Qxf6 Rf8 33. Qb2 Qxd3 34. Rxc6 Rxf3 1-0

[Event "*** Titled Tuesday Blitz"]
[Site "Chess.com"]
[Date "2020.11.03"]
[Round "5"]
[White "Salem-AR"]
[Black "RaunakSadhwani2005"]
[Result "0-1"]
[WhiteElo "2852"]
[BlackElo "2982"]
[TimeControl "180+1"]
[EndTime "10:57:05 PST"]
[Termination "RaunakSadhwani2005 won by resignation"]

1. d4 Nf6 2. c4 g6 3. Nc3 Bg7 4. e4 d6 5. Nf3 O-O 6. Be2 Qe8 7.
Bg5 e5 8. d5 a5 9. Nd2 Na6 10.
a3 Bd7 11. b3 h6 12. Be3 Nh7 13. O-O f5 14. f3 f4 15. Bf2 g5 16. Rb1 h5 17. b4 axb4 18. axb4 Qg6 19. Kh1 g4 20. c5 g3 21. Bg1 Kh8 22. c6 bxc6 23. dxc6 Be6 24.
Nd5 h4 25. Re1 h3 26. Bf1 Ng5 27. b5 Bxd5 28. exd5 Nc5 29. Bxc5 dxc5 30. Ne4 hxg2+ 31. Kxg2 Nxe4 32. fxe4 gxh2+ 33. Kxh2 Qg3+ 34. Kh1 Rf6 0-1

[Event "*** Titled Tuesday Blitz"]
[Site "Chess.com"]
[Date "2020.11.03"]
[Round "5"]
[White "DenisQ"]
[Black "Shield12"]
[Result "0-1"]
[WhiteElo "2663"]
[BlackElo "2912"]
[TimeControl "180+1"]
[EndTime "10:57:07 PST"]
[Termination "Shield12 won by resignation"]

1. Nf3 c5 2. g3 g6 3. Bg2 Bg7 4. c4 Nc6 5. O-O Nf6 6. Nc3 d5 7. d4 O-O 8. cxd5 Nxd5 9. Nxd5 Qxd5 10. Be3 cxd4 11. Nxd4 Qc4 12. Nxc6 bxc6 13. b3 Qa6 14. Rc1 Qxa2 15. Rxc6 Bf5 16. Rc7 Rad8 17. Qe1 a5 18.
Ra7 Qxb3 19. Qxa5 Bf6 20. Qb6 Qc2 21. Bf3 Bh3 22. Qb1 Qc4 23. Rc1 Qe6 24. Bh6 Rfe8 25. Qe4 Qb6 26. Rb7 Qd6 27. Rbb1 Bf5 0-1

[Event "*** Titled Tuesday Blitz"]
[Site "Chess.com"]
[Date "2020.11.03"]
[Round "5"]
[White "ssrija97"]
[Black "djano"]
[Result "1-0"]
[WhiteElo "2272"]
[BlackElo "2456"]
[TimeControl "180+1"]
[EndTime "10:57:07 PST"]
[Termination "ssrija97 won by resignation"]

1. e4 g6 2. d4 Bg7 3. Nc3 a6 4.
f4 b5 5. Nf3 Bb7 6. Bd3 d6 7. O-O Nd7 8. e5 e6 9. Ne4 Qe7 10. c3 Nh6 11. a4 Bxe4 12. Bxe4 d5 13. Bd3 Rb8 14. axb5 axb5 15. Ra7 c6 16. b3 Qd8 17. Rf2 O-O 18. Ba3 Re8 19. Bd6 Rc8 20. Rfa2 Nf5 21. Rb7 Nxd6 22. exd6 Bf8 23. Raa7 Nf6 24.
Ne5 Ne4 25. d7 1-0

[Event "*** Titled Tuesday Blitz"]
[Site "Chess.com"]
[Date "2020.11.03"]
[Round "5"]
[White "Ural_bogatyr"]
[Black "BlackBoarder"]
[Result "0-1"]
[WhiteElo "2380"]
[BlackElo "2553"]
[TimeControl "180+1"]
[EndTime "10:57:09 PST"]
[Termination "BlackBoarder won by resignation"]

1. e4 e6 2. d4 d5 3. Bd3 dxe4 4.
Bxe4 Nf6 5. Bf3 Bd6 6. Ne2 Nbd7 7. O-O O-O 8. c4 e5 9. Nbc3 Re8 10. g3 exd4 11.
Nxd4 Ne5 12. Be2 Bg4 13. Bg5 Bxe2 14. Qxe2 h6 15. Bxf6 Qxf6 16. Ne4 Qg6 17. Nxd6 Qxd6 18. Nf5 Qf6 19. Ne3 c6 20. Kg2 Qg6 21. Rae1 Rad8 22.
b3 Qe4+ 23. f3 Qg6 24. Rd1 Nd3 25. Rd2 Nf4+ 0-1

[Event "*** Titled Tuesday Blitz"]
[Site "Chess.com"]
[Date "2020.11.03"]
[Round "5"]
[White "vanea_03"]
[Black "mjray79"]
[Result "1-0"]
[WhiteElo "2731"]
[BlackElo "2489"]
[TimeControl "180+1"]
[EndTime "10:57:10 PST"]
[Termination "vanea_03 won by resignation"]

1. c4 Nf6 2. Nc3 g6 3. d4 Bg7 4.
g3 O-O 5. Bg2 d6 6. Nf3 Nc6 7.
O-O a6 8. d5 Na5 9. Qd3 c5 10.
b3 Rb8 11. Bd2 b5 12. e4 Bd7 13. h3 Ne8 14. Rae1 f5 15. e5 dxe5 16. Nxe5 Nd6 17.
Nxd7 Qxd7 18. cxb5 axb5 19. Re6 c4 20. bxc4 Naxc4 21.
Bg5 Rf7 22. Rfe1 Re8 23. Nd1 h6 24. Bf4 g5 25. Bc1 Qa7 26. a3 f4 27. gxf4 gxf4 28. Bf3 Rf5 29. Bg4 Rg5 30. Bxf4 Rf8 31. Bxg5 Qxf2+ 32.
Nxf2 1-0

[Event "*** Titled Tuesday Blitz"]
[Site "Chess.com"]
[Date "2020.11.03"]
[Round "5"]
[White "grzechu96"]
[Black "Firouzja2003"]
[Result "0-1"]
[WhiteElo "2682"]
[BlackElo "3057"]
[TimeControl "180+1"]
[EndTime "10:57:11 PST"]
[Termination "Firouzja2003 won by resignation"]

1. e4 b6 2. d4 Bb7 3. Bd3 e6 4. Nf3 d5 5. e5 Ba6 6. O-O Bxd3 7. Qxd3 Ne7 8. a4 a6 9. b3 Nbc6 10. Ba3 Nf5 11. Bxf8 Kxf8 12. c3 h5 13. Nbd2 g5 14.
Ne1 g4 15. Nc2 Qg5 16. Ne3 Nce7 17. Rfe1 h4 18. Ndf1 Rg8 19. c4 c6 20. a5 b5 21.
cxb5 cxb5 22. Rac1 Qf4 23. Nxf5 Nxf5 24. Red1 g3 25. fxg3 hxg3 26. h3 Qf2+ 27. Kh1 Rh8 28. Qd2 Rxh3+ 0-1

[Event "*** Titled Tuesday Blitz"]
[Site "Chess.com"]
[Date "2020.11.03"]
[Round "5"]
[White "Sofiia_Hryzlova"]
[Black "PattyCastillo"]
[Result "1-0"]
[WhiteElo "2301"]
[BlackElo "1925"]
[TimeControl "180+1"]
[EndTime "10:57:12 PST"]
[Termination "Sofiia_Hryzlova won by resignation"]

1. c4 c6 2. Nf3 Nf6 3. e3 d5 4. Nc3 e6 5. b3 Nbd7 6. Bb2 Bd6 7. Be2 O-O 8. Qc2 Qe7 9. Rg1 e5 10. cxd5 cxd5 11. Nb5 Bb8 12. Ba3 Qe8 13. Bxf8 Qxf8 14. Rc1 a6 15. Qxc8 axb5 16. Qxb7 Bd6 17. g4 e4 18. Nd4 Nc5 19. Qxb5 Rb8 20. Qa5 Nd3+ 21.
Bxd3 exd3 22. Qc3 Bxh2 23. Rg2 Be5 24. Qxd3 h6 25. f4 Bd6 26. Nf5 Ba3 27. Rb1 Rd8 28.
g5 Ne4 29. gxh6 g6 30. h7+ Kh8 31. Qd4+ f6 32. Rxg6 1-0

[Event "*** Titled Tuesday Blitz"]
[Site "Chess.com"]
[Date "2020.11.03"]
[Round "5"]
[White "Andreikka"]
[Black "ftorodent"]
[Result "1-0"]
[WhiteElo "2914"]
[BlackElo "2664"]
[TimeControl "180+1"]
[EndTime "10:57:14 PST"]
[Termination "Andreikka won by resignation"]

1. e4 e6 2. d4 d5 3. e5 c5 4. c3 Qb6 5. Nf3 Nc6 6. a3 Nh6 7.
Bd3 cxd4 8. cxd4 Nf5 9. Bxf5 exf5 10. Nc3 Be6 11. O-O Be7 12. Ne2 h6 13. Nf4 O-O 14. b3 Rac8 15. Rb1 Qd8 16. h3 Qd7 17. Bd2 Rc7 18. Ra1 Rfc8 19. Qe2 Bf8 20. Qd3 Nb8 21. Nh4 g5 22. Nxe6 fxe6 23. Ng6 Qf7 24. Nxf8 Kxf8 25. f4 Qg7 26. g4 Rf7 27. fxg5 hxg5 28. gxf5 exf5 29.
Rxf5 Rc7 30. Raf1 Rxf5 31. Qxf5+ Kg8 32. Qe6+ Kh7 33. Rf6 Nc6 34. Qf5+ Kg8 35. Rg6 1-0